 Dungeon Crawl Stone Soup version 0.31-a0-214-gb37851dbb3 (webtiles) character file.

Game seed: 17251799169514351780

23 qw the Shooter (level 3, -2/21 HPs)
             Began as a Gargoyle Hexslinger on July 1, 2023.
             Slain by Terence
             ... wielding a +0 falchion
              (5 damage)
             ... on level 2 of the Dungeon.
             The game lasted 00:00:16 (722 turns).

qw the Shooter (Gargoyle Hexslinger)                 Turns: 722, Time: 00:00:17

Health: -2/21      AC:  5    Str: 11    XL:     3   Next: 0%
Magic:  4/4        EV: 12    Int: 13    God:
Gold:   76         SH:  0    Dex: 14    Spells: 3/4 levels left

rFire   . . .        Y - +2 sling
rCold   . . .        (no shield)
rNeg    + + .        c - +0 robe
rPois   inf          (no helmet)
rElec   +            (no cloak)
rCorr   +            (no gloves)
SInv    .            (no boots)
Will    .....        (no amulet)
Stlth   +            e - ring of positive energy
HPRegen 0.23/turn    h - ring of resist corrosion
MPRegen 0.09/turn

%: no passive effects
@: no status effects
A: sickness immunity, AC +3, negative energy resistance 1, electricity
resistance, torment resistance 1, petrification resistance
a: no special abilities


You were on level 2 of the Dungeon.
You visited 1 branch of the dungeon, and saw 2 of its levels.

You collected 76 gold pieces.


Innate Abilities, Weirdness & Mutations

You are immune to sickness and miasma.
Your stone body is resilient. (AC +3)
You are immune to poison.
You resist negative energy. (rN+)
You are resistant to electric shocks. (rElec)
You are resistant to unholy torment.
You are immune to petrification.


   Skills:
 - Level 2.0 Fighting
 + Level 3.0 Ranged Weapons
 - Level 1.5 Dodging
 - Level 1.0 Spellcasting
 - Level 2.6 Hexes


You had 3 spell levels left.
You knew the following spells:

 Your Spells              Type           Power      Damage    Failure   Level
a - Slow                  Hex            28%        N/A       10%         1

Your spell library contained the following spells:

 Spells                   Type           Power      Damage    Failure   Level
 Inner Flame              Hex/Fire       4%         N/A       43%         3
 Portal Projectile        Hex/Tloc       8%         N/A       43%         3
 Cause Fear               Hex            3%         N/A       67%         4

Inventory:

Hand Weapons
 Y - a +2 sling (weapon)
Armour
 c - a +0 robe (worn)
Jewellery
 e - a ring of positive energy (left hand)
 h - a ring of resist corrosion (right hand)
Scrolls
 a - a scroll of teleportation {unknown}
Potions
 d - a potion of haste
 i - a potion of enlightenment

Dungeon Overview and Level Annotations

Branches:
Dungeon (2/15)

Altars:

Annotations:
D:2 Terence


Message History

You shoot a sling bullet. The sling bullet hits the bat.
The bat is severely wounded.
The bat barely misses you. The bat hits you.
You shoot a sling bullet. The sling bullet hits the bat.
You kill the bat!
Your Fighting skill increases to level 2!
You have reached level 3!
Your experience leads to an increase in your attributes!
Increase (S)trength, (I)ntelligence, or (D)exterity?
You feel agile. x2
You start resting.
HP restored.
You see here a bat corpse.
Found a dagger.
Found a stone staircase leading down.
Terence the Incautious comes into view.
He is wielding a +0 falchion.
Terence moves out of view.
Found 5 stones.
You shoot a sling bullet. The sling bullet barely misses Terence.
You shoot a sling bullet. The sling bullet barely misses Terence.
You shoot a sling bullet. The sling bullet hits Terence.
Terence is lightly wounded.
Terence screams, "I want your blood!"
You shoot a sling bullet.
The sling bullet closely misses Terence.
Terence hits you with a +0 falchion. Terence barely misses you.
You shoot a sling bullet. The sling bullet hits Terence.
Terence is moderately wounded.
Terence barely misses you.
You shoot a sling bullet. The sling bullet hits Terence.
Terence is heavily wounded.
Terence says, "You're history."
Terence hits you with a +0 falchion.
You shoot a sling bullet. The sling bullet barely misses Terence.
Terence hits you with a +0 falchion.
You shoot a sling bullet. The sling bullet barely misses Terence.
Terence hits you with a +0 falchion. x2
You shoot a sling bullet. The sling bullet hits Terence.
Terence is heavily wounded.
Terence hits you with a +0 falchion.
You die...

#( #. .# #. >.#
#. ..# #. ...#
#.####.###...#
.............##
......@@..)....
#.###.#......## #
#.##...# #.##.#.#
#.##.#.#
#.##.#.#####
#%##.#...... .#
#.......#######.#
###...#.##...
..##


You could see Terence.

Vanquished Creatures
  A dart slug (D:1)
  2 ball pythons (D:1)
  An endoplasm (D:1)
  5 goblins (D:1)
  3 hobgoblins (D:1)
  3 bats
  2 kobolds (D:1)
  A rat (D:2)
18 creatures vanquished.

Notes
Turn   | Place    | Note
-------+----------+-------------------------------------------
     0 | D:1      | qw the Gargoyle Hexslinger began the quest for the Orb.
     0 | D:1      | Reached XP level 1. HP: 12/12 MP: 2/2
     0 | D:1      | 0 ||| qw: Version: 0.3-a-32-g5962c71
     0 | D:1      | 0 ||| qw: Game counter: 7524
     0 | D:1      | 0 ||| qw: Melee chars always use a shield: true
     0 | D:1      | 0 ||| qw: God list: Okawaru
     0 | D:1      | 0 ||| qw: Allow faded altars: false
     0 | D:1      | 0 ||| qw: Do Orc after clearing Dungeon:15 true
     0 | D:1      | 0 ||| qw: Do second Lair branch before Depths: true
     0 | D:1      | 0 ||| qw: Lair rune preference: random
     0 | D:1      | 0 ||| qw: Goals: Normal
     0 | D:1      | 0 ||| PLANNING D:1-11
    66 | D:1      | 66 ||| FLEEEEING.
   192 | D:1      | Reached XP level 2. HP: 16/16 MP: 3/3
   404 | D:1      | Reached skill level 3 in Ranged Weapons
   623 | D:1      | 623 ||| UPGRADING to ring of positive energy.
   624 | D:1      | 624 ||| UPGRADING to ring of resist corrosion.
   625 | D:1      | 625 ||| READING scroll labelled FYVUEZ VUANUPH.
   626 | D:1      | 626 ||| READING 3 scrolls labelled ITHRAIF USEMNE.
   627 | D:1      | 627 ||| READING scroll labelled DOKYUT DOEST.
   635 | D:1      | 635 ||| READING scroll labelled RATRUX NISUUH.
   636 | D:1      | 636 ||| DRINKING 2 glowing amethyst potions.
   637 | D:1      | 637 ||| DRINKING 2 sedimented dark potions.
   638 | D:1      | 638 ||| DROPPING scroll of poison.
   639 | D:1      | 639 ||| DROPPING 2 scrolls of vulnerability.
   703 | D:2      | Reached XP level 3. HP: 20/21 MP: 4/4
   712 | D:2      | Noticed Terence
   721 | D:2      | HP: 3/21 [Terence/+0 falchion (5)]
   722 | D:2      | Slain by Terence

Levels and vault maps discovered:
D:1:      lemuel_arrival_rhombus, layout_loops_ring
D:2:      layout_loops_corners, serial_shops, shop, nicolae_diamond_shop, shop,
          shop, shop, chequers_serial_rivers_micro_d, uniq_terence

Skill      XL: |  1  2 |
---------------+-------+-----
Ranged Weapons | 3 |  3.0
Fighting       | 2 |  2.0
Dodging        | |  1.5
Spellcasting   | |  1.0
Hexes          | |  2.6

Action                     || total
---------------------------++-------
   Fire: Sling             ||    55
    Use: Scroll            ||     4
         Potion            ||     2
 Armour: Robe              ||     3
  Dodge: Dodged            ||     7

Table legend:
 A = Non-vault XP
 B = Vault XP
 C = Vault XP percentage of total XP
 D = Non-vault monster count
 E = Vault monster count
 F = Vault count percentage of total count
                 A         B        C        D         E       F
            +---------+---------+-------+---------+---------+-------
      Total |      34 |       0 |   0.0 |      18 |       0 |   0.0
            +---------+---------+-------+---------+---------+-------
        D:1 |      31 |       0 |   0.0 |      16 |       0 |   0.0
        D:2 |       3 |       0 |   0.0 |       2 |       0 |   0.0
            +---------+---------+-------+---------+---------+-------
